 Dungeon Crawl Stone Soup version 0.13-a0-2584-g2e76cfd (webtiles) character file.

3238 JacquesDerrida the Jinx (level 9, -1/56 (57) HPs)
             Began as a Vampire Enchanter on July 31, 2013.
             Was a Priest of Nemelex Xobeh.
             Slain by Gastronok (25 damage)
             ... on Level 8 of the Dungeon.
             The game lasted 00:35:15 (8861 turns).

JacquesDerrida the Jinx (Vampire Enchanter)         Turns: 8861, Time: 00:35:15

HP  -1/56 (57)   AC 10     Str  7 (8)  XL: 9   Next: 50%
MP   3/21        EV 13     Int 17      God: Nemelex Xobeh [***...]
Gold 313         SH  0     Dex 16      Spells:  5 memorised,  3 levels left

Res.Fire  : . . .   See Invis. : +   w - +4,+3 dwarf dagger
Res.Cold  : + . .   Warding    : +   b - +1 robe
Life Prot.: + + +   Conserve   : .   (no shield)
Res.Poison: +       Res.Corr.  : .   h - +2 helmet
Res.Elec. : .       Clarity    : .   a - +0 cloak
Sust.Abil.: . .     Spirit.Shd : .   (no gloves)
Res.Mut.  : .       Stasis     : .   n - +2 pair of boots {Fly}
Res.Rott. : +       Flight     : +   V - amulet of warding {unknown}
Saprovore : . . .                    H - ring of protection from magic
                                     x - ring of regeneration

@: regenerating slowly, flying, slowed, very slow, quite resistant to hostile
enchantments, extremely stealthy
A: bottle blood, fangs 3, see invisible, unbreathing
a: Bat Form, Bottle Blood, Draw One, Peek at Two, Triple Draw, Renounce
Religion, Stop Flying


You were on level 8 of the Dungeon.
You worshipped Nemelex Xobeh.
Nemelex Xobeh was greatly pleased with you.
You were thirsty.

You visited 1 branch of the dungeon, and saw 8 of its levels.

You collected 293 gold pieces.

Inventory:

Hand weapons
 w - a +4,+3 dwarven dagger (weapon)
 y - a +4,+1 elven dagger
 B - a +3,+2 orcish short sword
Missiles
 q - 5 poisoned darts (quivered)
 s - 13 needles of slowing
Armour
 a - a +0 cloak (worn)
 b - a +1 robe (worn)
 h - a +2 helmet (worn)
 n - a +2 pair of boots of flying (worn)
 I - a +2 ring mail of fire resistance
 L - a +0 buckler
Magical devices
 C - a wand of polymorph (6)
 F - a wand of draining (9)
 M - a wand of flame (8)
 N - a wand of polymorph (6)
 S - a wand of confusion (14)
Comestibles
 k - 3 bread rations
 D - 4 meat rations
 J - a banana
 O - an apricot
 X - a pear
Scrolls
 g - 4 scrolls of teleportation
 i - a scroll of fog
 o - 3 scrolls of magic mapping
 p - a scroll of curse weapon
 r - 4 scrolls of remove curse
 K - a scroll of enchant weapon I
 P - 2 scrolls of blinking
 R - a scroll of enchant armour
 U - a scroll of fear
 W - a scroll of recharging
Jewellery
 d - an uncursed ring of protection from cold
 j - an uncursed ring of poison resistance
 u - an uncursed ring of fire
 x - a ring of regeneration (left hand)
 H - a ring of protection from magic (right hand)
 Q - an uncursed ring of protection from fire
 V - an amulet of warding (around neck) {unknown}
Potions
 e - 2 potions of heal wounds {unknown}
 l - 5 potions of curing
 m - a potion of confusion {unknown}
 t - a potion of might {unknown}
 v - 2 potions of agility {unknown}
 z - a potion of speed {unknown}
 A - a potion of resistance {unknown}
 T - a potion of blood
Books
 c - a book of Maledictions

   Spells                             Type                      Level
   *Corona                            Hexes                        1
   Sure Blade                         Hexes/Charms                 2
   *Ensorcelled Hibernation           Hexes/Ice                    2
   *Confuse                           Hexes                        3
   *Enslavement                       Hexes                        4
   *Invisibility                      Hexes                        6
Miscellaneous
 f - a plain deck of escape {drawn: 1}
 E - a plain deck of destruction {drawn: 4}


   Skills:
 + Level 8.0 Short Blades
 - Level 0.7 Throwing
 - Level 2.1 Dodging
 - Level 10.0 Stealth
 - Level 5.5 Spellcasting
 - Level 10.5 Hexes
 + Level 0.4 Evocations


You had 3 spell levels left.
You knew the following spells:

 Your Spells              Type           Power        Failure   Level  Hunger
a - Corona                Hex            #####..      1%          1    None
b - Ensorcelled Hibernat  Hex/Ice        ###...       2%          2    #......
c - Confuse               Hex            #####...     1%          3    ###....
d - Enslavement           Hex            #####...     1%          4    ####...
e - Invisibility          Hex            #####...     34%         6    #######


Dungeon Overview and Level Annotations

Branches:
Dungeon (8/27)             Temple (0/1) D:4
    Orc: D:6-11        Lair: D:8-13

Altars:
Cheibriados
Elyvilon
Fedhas
Makhleb
Nemelex Xobeh
Okawaru
Sif Muna
Vehumet

Shops:
D:6: =

Annotations
D:8 Gastronok


Innate Abilities, Weirdness & Mutations

You heal slowly.
You can bottle blood from corpses.
You have razor-sharp teeth.*
You have supernaturally acute eyesight.
You can survive without breathing.*


Message History

Aim: Gastronok wearing a wizard hat (lightly wounded, moving somewhat quickly) Gastronok resists with some effort.
Drink which item? (? for menu, Esc to quit)
You feel better.
Gastronok gurgles, "A snack!
A snack!"
Gastronok casts a spell at you.
You feel yourself slow down.
Casting: Confuse
Confirm with . or Enter, or press ? or * to list all spells.
Aiming: Confuse
Press: ? - help, Shift-Dir - straight line, f/p - Gastronok
Aim: Gastronok wearing a wizard hat (lightly wounded, moving somewhat quickly) Gastronok appears confused.
You hit Gastronok.
Gastronok is lightly wounded.
You hit Gastronok but do no damage.
Gastronok is lightly wounded.
Gastronok bites you!
You die...
Your body glows slightly and disappears.

# #########.#.# #.#.#
#.# #.# #.# #.# #.#
j###################.#
r.............@j.....#
####################.#
#.......#..#.#
#.#####.#..j.# #.#
#.##.### #.#####.##.#
#..........#
#######.#### #.#####.#


You could see Gastronok (confused).

Vanquished Creatures
  2 wolves (D:7)
  Grum (D:8)
  3 orc warriors
  3 ice beasts
  A sky beast (D:7)
  A phantom (D:5)
  4 ogres
  Duvessa (D:5)
  Blork the orc (D:8)
  2 giant frogs (D:6)
  A hippogriff zombie (D:5)
  A goliath beetle (D:8)
  A crimson imp (D:6)
  A giant frog zombie (D:5)
  Dowan (D:5)
  5 orc priests
  5 hounds
  5 orc wizards
  2 iguanas
  8 worker ants
  2 scorpions (D:6)
  A sky beast zombie (D:6)
  5 gnolls
  A giant mite (D:5)
  6 adders
  A goliath beetle zombie (D:6)
  4 worms
  An iguana skeleton (D:6)
  A giant eyeball (D:7)
  5 giant geckos
  23 orcs
  A ball python (D:2)
  7 bats
  5 giant cockroaches
  13 hobgoblins
  13 jackals
  4 quokkas
  6 giant newts
  18 goblins
  2 hobgoblin skeletons
  12 kobolds
  An orc skeleton (D:3)
  26 rats
  A rat skeleton (D:4)
  2 rat zombies
210 creatures vanquished.

Vanquished Creatures (collateral kills)
  An orc wizard (D:6)
  2 orcs (D:6)
  A bat (D:6)
  A quokka (D:6)
  A hobgoblin zombie (D:6)
6 creatures vanquished.

Vanquished Creatures (others)
  An orc wizard (D:6)
1 creature vanquished.

Grand Total: 217 creatures vanquished

Notes
Turn   | Place    | Note
--------------------------------------------------------------
     0 | D:1      | JacquesDerrida, the Vampire Enchanter, began the quest for the Orb.
     0 | D:1      | Reached XP level 1. HP: 13/13 MP: 4/4
   657 | D:1      | Reached XP level 2. HP: 19/19 MP: 5/5
   663 | D:1      | Learned a level 2 spell: Ensorcelled Hibernation
  1316 | D:2      | Reached XP level 3. HP: 22/24 MP: 6/6
  1988 | D:3      | Found a sparkling altar of Nemelex Xobeh.
  1991 | D:3      | Found a radiant altar of Vehumet.
  1994 | D:3      | Found an iron altar of Okawaru.
  1997 | D:3      | Found a blossoming altar of Fedhas.
  2048 | D:3      | Reached skill level 5 in Stealth
  2151 | D:3      | Reached XP level 4. HP: 30/30 MP: 5/8
  2905 | D:3      | Became a worshipper of Nemelex Xobeh
  2911 | D:3      | Received a gift from Nemelex Xobeh
  3310 | D:3      | Learned a level 3 spell: Confuse
  3590 | D:3      | Found a burning altar of Makhleb.
  3716 | D:4      | Acquired Nemelex Xobeh's first power
  3753 | D:4      | Found a staircase to the Ecumenical Temple.
  3850 | D:4      | Found a snail-covered altar of Cheibriados.
  3884 | D:4      | Reached XP level 5. HP: 28/34 MP: 0/10
  4048 | D:4      | Reached skill level 5 in Hexes
  4257 | D:5      | Entered Level 5 of the Dungeon
  4285 | D:5      | Found a deep blue altar of Sif Muna.
  4440 | D:5      | Found a sparkling altar of Nemelex Xobeh.
  4514 | D:5      | Noticed an orc warrior
  4515 | D:5      | Killed an orc warrior
  4515 | D:5      | Reached skill level 6 in Hexes
  4515 | D:5      | Reached XP level 6. HP: 40/40 MP: 13/13
  4529 | D:5      | Received a gift from Nemelex Xobeh
  4625 | D:5      | Noticed an ice beast
  4644 | D:5      | Killed an ice beast
  4644 | D:5      | Reached skill level 7 in Hexes
  4831 | D:5      | Noticed an ogre
  4913 | D:5      | Noticed a phantom
  4933 | D:5      | Killed a phantom
  4933 | D:5      | Reached XP level 7. HP: 29/45 MP: 2/15
  5055 | D:5      | Reached skill level 8 in Hexes
  5062 | D:5      | Killed an ogre
  5064 | D:5      | Acquired Nemelex Xobeh's second power
  5066 | D:5      | Noticed Dowan
  5067 | D:5      | Noticed Duvessa
  5152 | D:5      | Killed Dowan
  5152 | D:5      | Reached skill level 5 in Short Blades
  5341 | D:5      | Killed Duvessa
  5341 | D:5      | Reached skill level 9 in Hexes
  5447 | D:5      | Received a gift from Nemelex Xobeh
  5471 | D:5      | Reached XP level 8. HP: 51/51 MP: 15/18
  5529 | D:5      | Noticed an ogre
  5533 | D:5      | Killed an ogre
  5541 | D:5      | Learned a level 4 spell: Enslavement
  6314 | D:6      | Reached skill level 10 in Hexes
  6641 | D:6      | Acquired Nemelex Xobeh's third power
  6665 | D:6      | Found Bigeimyz's Jewellery Shoppe.
  6948 | D:6      | Received a gift from Nemelex Xobeh
  7612 | D:7      | Found a white marble altar of Elyvilon.
  7845 | D:7      | Reached XP level 9. HP: 56/56 MP: 20/20
  7878 | D:8      | Noticed Grum
  7933 | D:8      | Killed Grum
  8053 | D:8      | Noticed Blork the orc
  8062 | D:8      | Learned a level 6 spell: Invisibility
  8070 | D:8      | Killed Blork the orc
  8086 | D:8      | Reached skill level 5 in Spellcasting
  8412 | D:8      | Reached skill level 10 in Stealth
  8724 | D:8      | Noticed Gastronok
  8861 | D:8      | Slain by Gastronok

Action                   |  1- 3 |  4- 6 |  7- 9 || total
-------------------------+-------+-------+-------++-------
Melee: Dagger            |   183 |   200 |   245 ||   628
 Cast: Corona            |     4 |       |       ||     4
       Ensorcelled Hiber |    12 |    34 |    73 ||   119
       Confuse           |       |     8 |    16 ||    24
       Enslavement       |       |       |     6 ||     6
       Invisibility      |       |       |     1 ||     1
 Abil: Evoke Flight      |     1 |       |       ||     1
       Bottle Blood      |       |       |     1 ||     1
Evoke: Deck              |       |     8 |     9 ||    17
       Wand              |       |     3 |     1 ||     4
  Use: Scroll            |     1 |     4 |    13 ||    18
       Potion            |       |       |     3 ||     3
 Stab: Sleeping          |    16 |    20 |    53 ||    89
       Distracted        |       |     1 |     1 ||     2
       Confused          |       |     4 |     9 ||    13
